 Dungeon Crawl Stone Soup version 0.27-a0-200-g8ba017916c (webtiles) character file.

Game seed: 9896745422994816288

1554 sanka the Nimble (level 8, -22/40 HPs)
             Began as a Spriggan Abyssal Knight on Jan 29, 2021.
             Was an Elder of Lugonu.
             Hit by a large rock thrown by a cyclops (33 damage)
             ... on level 6 of the Dungeon.
             The game lasted 00:13:13 (8499 turns).

sanka the Nimble (Spriggan Abyssal Knight)          Turns: 8499, Time: 00:13:13

Health: -22/40     AC:  8    Str:  8    XL:     8   Next: 57%
Magic:  19/22      EV: 27    Int: 14    God:    Lugonu [****..]
Gold:   384        SH:  0    Dex: 23    Spells: 7/7 levels left

rFire    . . .     SeeInvis +   b - +2 dagger (chaos)
rCold    . . .     Faith    .   (shield restricted)
rNeg     . . .     Spirit   .   z - +0 steam dragon scales
rPois    .         Reflect  .   (helmet restricted)
rElec    .         Harm     .   v - +2 cloak
rCorr    .         Rampage  .   (gloves unavailable)
Will     +....                  (boots unavailable)
Stlth    ++........             (no amulet)
HPRegen  0.13/turn              k - ring of magical power
MPRegen  0.18/turn              G - +6 ring of dexterity

@: very quick
A: very small, unfitting armour, see invisible, speed 3
a: Renounce Religion, Depart the Abyss, Bend Space, Banish, Corrupt


You were on level 6 of the Dungeon.
You worshipped Lugonu.
Lugonu was greatly pleased with you.
You visited 1 branch of the dungeon, and saw 7 of its levels.
You visited the Abyss 1 time.

You collected 384 gold pieces.


Innate Abilities, Weirdness & Mutations

You are very small and have problems with some larger weapons.
You are too small for most types of armour.
You have supernaturally acute eyesight. (SInv)
You cover ground extremely quickly.


   Skills:
 - Level 3.0 Fighting
 - Level 8.0 Short Blades
 - Level 9.0 Dodging
 + Level 5.7 Invocations


You had 7 spell levels left.
You didn't know any spells.
Your spell library contained the following spells:

 Spells                   Type           Power        Failure   Level
 Animate Skeleton         Necr           0%           28%         1
 Apportation              Tloc           0%           28%         1
 Corona                   Hex            0%           28%         1
 Summon Small Mammal      Summ           0%           28%         1

Inventory:

Hand Weapons
 a - a +1 short sword
 b - a +2 dagger of chaos (weapon)
Missiles
 s - a curare-tipped dart (quivered) {=f}
Armour
 r - a scarf of shadows
 v - a +2 cloak (worn)
 z - +0 steam dragon scales (worn)
Jewellery
 k - a ring of magical power (left hand)
 t - an uncursed ring of ice
 C - an uncursed ring of wizardry
 G - a +6 ring of dexterity (right hand)
Wands
 w - a wand of polymorph (10)
Scrolls
 d - 3 scrolls of identify {unknown}
 e - 2 scrolls of amnesia {unknown}
 f - 3 scrolls of fog {unknown}
 g - 5 scrolls of teleportation {unknown}
 h - a scroll of enchant armour {unknown}
 l - 4 scrolls of remove curse
 m - 2 scrolls of blinking {unknown}
 q - a scroll of noise {unknown}
 y - 4 scrolls of enchant weapon {unknown}
 A - a scroll of magic mapping {unknown}
 E - a scroll of random uselessness {unknown}
Potions
 c - 4 potions of heal wounds {@q2}
 i - a potion of curing {unknown}
 j - 2 potions of ambrosia {unknown}
 n - 3 potions of flight {unknown}
 o - 2 potions of brilliance {unknown}
 p - 2 potions of might {unknown}
 u - a potion of cancellation {unknown}
 x - a potion of attraction {unknown}
 B - a potion of invisibility {unknown}
 D - a potion of berserk rage {unknown}
 F - a potion of lignification {unknown}

Dungeon Overview and Level Annotations

Branches:
Dungeon (7/15)             Temple (0/1) D:4

Altars:
Makhleb
Ru
Xom

Annotations:
D:4 3 runed translucent doors, epen's ghost, novice DsFi

▒.▒▒▒▒▒▒▒..C.... ▒.▒
▒▒▒▒▒... ▒.▒
▒▒▒▒▒..( ▒.▒
.......> ▒.▒ ▒▒▒▒...
▒.▒ ▒... ▒▒▒.▒ ▒...
▒(..▒ ▒... ▒i▒▒▒
▒... ▒.▒ ▒.. ▒...
▒.▒ ▒.▒ ▒... ▒.▒ ▒.▒
▒... ▒.▒ ▒.▒ ▒.▒..
▒C▒ ▒.▒ ▒▒.▒▒
▒▒▒(▒▒▒.▒ ▒▒.
▒.(...▒.▒▒▒▒▒▒▒▒...▒
▒.▒.▒...............


You could see a cyclops (extremely poisoned, slow).


Message History

The cyclops is lightly wounded.
Throw: 4 darts (curare) {=f}
Aim: a cyclops, quivering large rocks (lightly wounded, very poisoned, slow, 87% to hit)
You throw a curare-tipped dart {=f}.
The curare-tipped dart {=f} hits the cyclops.
The cyclops looks as sick as possible!
The cyclops convulses.
The cyclops seems to be slow for longer.
The cyclops is moderately wounded.
Throw: 3 darts (curare) {=f}
Aim: a cyclops, quivering large rocks (heavily wounded, extremely poisoned, slow, 87% to hit)
You throw a curare-tipped dart {=f}.
The curare-tipped dart {=f} hits the cyclops.
The cyclops looks as sick as possible!
The cyclops convulses.
The cyclops seems to be slow for longer.
The cyclops is heavily wounded.
Throw: 2 darts (curare) {=f}
Aim: a cyclops, quivering large rocks (heavily wounded, extremely poisoned, slow, 87% to hit)
You throw a curare-tipped dart {=f}.
The curare-tipped dart {=f} hits the cyclops.
The cyclops looks as sick as possible!
The cyclops convulses.
The cyclops seems to be slow for longer.
The cyclops is severely wounded.
Unknown command.
The cyclops throws a large rock.
The large rock hits you!!
Ouch! That really hurt!
You die...

Action                   |  1- 3 |  4- 6 |  7- 9 || total
-------------------------+-------+-------+-------++-------
Melee: Short sword       |   161 |   361 |     7 ||   529
       Dagger            |       |       |   275 ||   275
Throw: Dart              |       |     1 |     9 ||    10
  Use: Potion            |       |     1 |       ||     1
       Scroll            |       |       |     1 ||     1
 Stab: Sleeping          |     2 |     6 |     1 ||     9
       Paralysed         |       |       |     3 ||     3
       Distracted        |       |       |     1 ||     1
Armor: Robe              |    13 |    39 |    14 ||    66
       Steam dragon scal |       |       |     1 ||     1
Dodge: Dodged            |   109 |   277 |   134 ||   520

Levels and vault maps discovered:
D:1:      scummos_arrival_forest, layout_basic
D:2:      layout_basic
D:3:      layout_rooms, grunt_temple_overflow_champion_of_chaos
D:4:      layout_loops_ring, minmay_temple_entry_overgrown,
          gammafunk_ghost_nasty_kobolds, corexii_shack
D:5:      layout_rooms, nicolae_ru_sacrificial_ziggurat, serial_corexii_hall,
          corexii_hall_statues_l, corexii_hall_statues_l
D:6:      minmay_chambers_of_sixes, layout_loops_ring, serial_undead,
          serial_undead_a, serial_undead_c, serial_undead_b, serial_undead_c,
          uniq_maggie
D:7:      layout_loops_cross, basic_altar

Notes
Turn   | Place    | Note
-------+----------+-------------------------------------------
     0 | Abyss:1  | sanka the Spriggan Abyssal Knight began the quest for the
                  | Orb.
     0 | Abyss:1  | Reached XP level 1. HP: 11/11 MP: 3/3
    26 | D:1      | Escaped the Abyss
   223 | D:1      | Reached skill level 3 in Short Blades
   223 | D:1      | Reached XP level 2. HP: 9/16 MP: 4/4
   758 | D:1      | Reached ** piety under Lugonu
  1483 | D:2      | Reached XP level 3. HP: 18/19 MP: 5/5
  1490 | D:2      | Reached skill level 4 in Short Blades
  2196 | D:2      | Reached XP level 4. HP: 23/23 MP: 6/6
  2764 | D:3      | Reached skill level 5 in Short Blades
  2924 | D:3      | Reached *** piety under Lugonu
  3427 | D:3      | Reached XP level 5. HP: 27/27 MP: 7/7
  3507 | D:3      | Found a burning altar of Makhleb.
  3508 | D:3      | Found a shimmering altar of Xom.
  3522 | D:3      | Reached skill level 6 in Short Blades
  3903 | D:4      | Found a runed translucent gate.
  3903 | D:4      | Noticed epen's ghost (novice DsFi)
  3904 | D:4      | Found a runed translucent gate.
  3904 | D:4      | Found a runed translucent gate.
  4082 | D:3      | HP: 2/27 [poisoned by a worker ant]
  4432 | D:4      | Reached skill level 7 in Short Blades
  4432 | D:4      | Reached XP level 6. HP: 32/32 MP: 8/8
  5264 | D:4      | Found a staircase to the Ecumenical Temple.
  5290 | D:4      | Reached skill level 8 in Short Blades
  5472 | D:5      | Entered Level 5 of the Dungeon
  5815 | D:5      | Found a sacrificial altar of Ru.
  5860 | D:5      | Reached skill level 4 in Dodging
  6049 | D:5      | Reached XP level 7. HP: 32/35 MP: 9/9
  6306 | D:5      | Reached skill level 3 in Fighting
  6365 | D:5      | Reached skill level 5 in Dodging
  6585 | D:6      | Reached skill level 6 in Dodging
  6964 | D:6      | Noticed a cyclops
  6975 | D:6      | Reached skill level 7 in Dodging
  7313 | D:6      | Reached skill level 8 in Dodging
  7413 | D:6      | Reached **** piety under Lugonu
  7414 | D:6      | Reached XP level 8. HP: 28/40 MP: 10/10
  7519 | D:6      | Reached skill level 9 in Dodging
  7534 | D:6      | Reached skill level 2 in Invocations
  7748 | D:6      | Reached skill level 3 in Invocations
  8163 | D:6      | Identified +0 steam dragon scales
  8163 | D:6      | Noticed Maggie
  8226 | D:6      | Killed Maggie
  8227 | D:6      | Reached skill level 5 in Invocations
  8499 | D:6      | Hit by a large rock thrown by a cyclops

Vanquished Creatures
  Maggie (D:6)
  2 phantoms (D:6)
  An ogre (D:6)
  A bullfrog (D:6)
  A gnoll sergeant (D:6)
  3 scorpions
  A crimson imp (D:3)
  2 bullfrog skeletons
  A jelly (D:5)
  A centaur skeleton (D:4)
  2 hounds
  An orc priest (D:5)
  2 orc wizards
  2 iguanas
  5 worker ants
  A hound zombie (D:6)
  A hound skeleton (D:7)
  3 gnolls
  9 adders
  A shadow imp (D:6)
  A white imp (D:3)
  An ufetubus (D:5)
  An adder skeleton (D:5)
  3 worms
  3 dart slugs
  5 leopard geckos
  10 orcs
  A giant cockroach (D:4)
  8 goblins
  5 hobgoblins
  8 jackals
  9 kobolds
  5 quokkas
  2 ball pythons
  A ball python skeleton (D:5)
  11 bats
  4 frilled lizards
  3 jackal zombies
  A leopard gecko skeleton (D:2)
  A quokka skeleton (D:4)
  8 rats
132 creatures vanquished.

Vanquished Creatures (others)
  A fungus (D:4)
  2 plants (D:4)
3 creatures vanquished.

Grand Total: 135 creatures vanquished
